Map: Odyssey LE

Players

Zerghamdi

  • Race: Zerg Zerg
  • League: Grandmaster
  • Spawn Location: 11:00

Namshar - Winner!

  • Race: Zerg Zerg
  • League: Master
  • Spawn Location: 5:00

Event: WESG Barcelona European Finals 2017

VOD

Have the link to the VOD?

Description

Time

  • Played on: Nov. 23, 2017, 1:11 p.m.
  • Length: 15:29

All games in this series

Show
View Real Time Build Order
Export as new Build Order

Zerghamdi Zerg 

Build Orders: 3 Hatch before Pool, Zergling Baneling 

Get SALT Encoding   

  12  0:00  Drone  
  13  0:12  Overlord  
  13  0:16  Drone  
  14  0:30  Drone x2  
  16  0:35  Drone  
  17  0:51  Hatchery  
  17  0:55  Drone  
  17  1:18  Drone, Hatchery  
  18  1:22  Extractor  
  16  1:26  Drone  
  17  1:37  Spawning Pool  
  16  1:44  Drone  
  16  1:45  Drone  
  19  1:47  Drone  
  19  2:07  Drone x3  
  22  2:16  Drone  
  22  2:18  Drone  
  24  2:24  Queen  
  24  2:25  Queen  
  28  2:32  Overlord  
  28  2:36  Metabolic Boost  
  28  2:38  Drone  
  28  2:41  Zergling x2  
  28  2:43  Drone  
  31  2:49  Baneling Nest  
  30  2:54  Drone  
  30  2:55  Zergling x2  
  32  3:05  Zergling x8  
  36  3:08  Drone  
  36  3:11  Overlord  
  37  3:13  Drone  
  37  3:18  Queen  
  40  3:24  Drone  
  41  3:29  Zergling x2, Overlord  
  41  3:31  Zergling x4  
  41  3:33  Zergling x2  
  45  3:35  Drone  
  45  3:38  Baneling x2  
  46  3:45  Drone  
  46  3:47  Zergling x6  
  50  3:49  Zergling x4  
  50  3:51  Zergling x2  
  53  3:57  Zergling x4  
  53  3:58  Baneling x2  
  53  3:59  Zergling x2  
  55  4:08  Zergling x6  
  54  4:11  Zergling x6  
  56  4:19  Zergling x4  
  56  4:22  Zergling x6  
  56  4:23  Baneling x3  
  57  4:26  Zergling x2  
  57  4:28  Zergling x2  
  58  4:31  Baneling  
  58  4:32  Baneling  
  58  4:37  Overlord x2  
  56  4:46  Baneling x2  
  56  4:47  Baneling  
  56  4:50  Baneling  
  52  4:54  Zergling x6  
  52  4:55  Zergling x14  
  52  4:58  Zergling x6  
  57  5:02  Zergling x2  
  56  5:08  Zergling x2  
  56  5:12  Zergling x4  
  55  5:17  Zergling x2, Baneling  
  55  5:18  Baneling  
  55  5:21  Zergling x2  
  57  5:22  Zergling x2  
  57  5:27  Zergling x2  
  59  5:28  Baneling x2  
  59  5:30  Zergling x2  
  59  5:38  Zergling x4  
  59  5:41  Zergling x4  
  59  5:42  Zergling x2  
  55  5:43  Zergling x4  
  55  5:45  Zergling x2  
  55  5:47  Zergling x6  
  55  5:49  Zergling x2  
  58  5:53  Zergling x2  
  58  5:54  Zergling x2  
  58  5:56  Baneling x3  
  60  5:58  Zergling x2  
  60  6:02  Zergling x2  
  62  6:09  Zergling x4  
  62  6:10  Baneling, Zergling x4  
  62  6:11  Zergling x14  
  68  6:18  Zergling x4, Baneling  
  72  6:20  Zergling x2  
  72  6:24  Zergling x2  
  74  6:30  Baneling x2  
  74  6:34  Overlord  
  74  6:38  Zergling x2  
  72  6:51  Zergling x6  
  60  6:55  Zergling x4  
  60  6:56  Zergling x8  
  60  6:58  Zergling x6  
  60  7:00  Zergling x2  
  63  7:08  Zergling x8  
  60  7:11  Zergling x4  
  60  7:13  Zergling x4  
  60  7:14  Zergling x2  
  59  7:19  Zergling x2  
  60  7:23  Zergling x2  
  60  7:25  Baneling x3, Zergling x2  
  60  7:26  Baneling x3  
  60  7:28  Extractor  
  61  7:30  Zergling x2  
  61  7:32  Zergling x2  
  61  7:35  Zergling x6  
  61  7:36  Zergling x6  
  69  7:37  Baneling  
  70  7:44  Drone x2  
  66  7:52  Drone x4  
  68  8:02  Drone x3  
  68  8:04  Roach Warren  
  66  8:13  Drone x5  
  62  8:23  Extractor  
  62  8:25  Overlord x2  
  50  8:46  Roach  
  50  8:47  Roach x11  
  72  8:50  Roach  
  72  8:54  Roach  
  72  8:55  Zergling x6  
  79  8:56  Zergling x2  
  79  8:58  Zergling x2  
  79  9:00  Zergling x4  
  79  9:01  Zergling x4  
  85  9:03  Zergling x6  
  88  9:11  Zergling x4  
  88  9:14  Ravager  
  88  9:19  Zergling x2  
  88  9:22  Overlord x3  
  82  9:35  Baneling  
  82  9:36  Baneling x12  
  82  9:41  Zergling x18  
  82  9:43  Zergling x2  
  92  9:46  Zergling x2  
  92  9:50  Baneling x4  
  92  9:54  Zergling x2  
  87  10:02  Zergling x6  
  87  10:03  Zergling x6  
  87  10:04  Lair  
  89  10:07  Drone x5  
  89  10:10  Evolution Chamber, Roach x2, Extractor  
  94  10:21  Roach x3  
  96  10:23  Roach  
  97  10:30  Extractor  
  97  10:31  Roach x4  
  101  10:37  Roach x2  
  101  10:40  Overlord x2  
  101  10:42  Roach  
  101  10:52  Roach x2, Overlord  
  101  10:53  Overlord  
  105  11:03  Hatchery  
  104  11:10  Glial Reconstitution  
  108  11:11  Roach x2  
  108  11:14  Roach  
  108  11:18  Roach x2  
  113  11:26  Overlord x2  
  113  11:29  Zerg Missile Weapons Level 1  
  113  11:32  Overlord  
  112  11:40  Overlord  
  112  11:45  Roach  
  112  11:46  Roach x3  
  117  11:50  Overlord  
  117  11:53  Roach  
  119  11:56  Roach  
  119  11:58  Roach  
  123  12:01  Roach  
  123  12:04  Drone  
  123  12:06  Roach  
  126  12:21  Burrow  
  124  12:23  Roach  
  124  12:26  Drone x2  
  124  12:27  Drone  
  124  12:28  Tunneling Claws  
  124  12:29  Drone  
  130  12:34  Roach x2  
  134  12:38  Roach  
  134  12:42  Drone x2  
  134  12:43  Roach  
  140  12:45  Roach  
  140  12:48  Roach  
  140  12:51  Overlord  
  144  12:54  Overlord  
  144  12:57  Overlord  
  144  13:04  Overlord x2  
  144  13:07  Overlord  
  144  13:13  Roach x3  
  144  13:15  Roach  
  144  13:18  Roach  
  154  13:20  Roach  
  154  13:23  Roach  
  154  13:24  Roach  
  154  13:26  Roach  
  162  13:29  Roach  
  162  13:30  Roach  
  162  13:32  Ravager x2  
  162  13:33  Ravager x2  
  171  13:34  Ravager  
  171  13:39  Roach x2  
  175  13:43  Roach x2  
  175  13:46  Roach x2  
  183  13:48  Roach x6  
  179  14:06  Roach x3  
  181  14:13  Roach x5  
  181  14:16  Roach x3  
  175  14:18  Roach x3  
  175  14:20  Roach  
  175  14:22  Roach  
  175  14:23  Roach  
  142  14:40  Roach x7  
  142  14:41  Roach  
  142  14:44  Roach  
  142  14:45  Roach  
  139  14:49  Roach x2  
  143  14:55  Roach  
  143  14:56  Overseer  
  143  14:59  Roach  
  147  15:05  Roach x3  
  141  15:09  Roach  
Show
View Real Time Build Order
Export as new Build Order

Namshar Zerg - Winner!

Build Orders: Hatch First, Zergling Baneling 

Get SALT Encoding   

  12  0:00  Drone  
  13  0:13  Overlord  
  13  0:16  Drone  
  14  0:31  Drone x2  
  16  0:37  Drone  
  17  0:51  Hatchery  
  17  0:54  Drone  
  18  0:57  Drone  
  18  1:08  Extractor  
  17  1:12  Spawning Pool  
  17  1:15  Drone  
  17  1:18  Drone  
  18  1:28  Drone  
  19  1:39  Overlord  
  19  1:50  Drone  
  20  1:59  Queen  
  20  2:00  Zergling x2  
  23  2:02  Queen  
  23  2:03  Zergling x2  
  26  2:10  Metabolic Boost, Spine Crawler  
  26  2:14  Drone  
  26  2:16  Drone  
  26  2:22  Drone  
  28  2:29  Drone  
  29  2:33  Drone  
  29  2:36  Baneling Nest  
  30  2:38  Drone  
  31  2:45  Drone  
  31  2:46  Zergling x2  
  33  2:54  Zergling x2  
  33  2:57  Hatchery  
  33  3:03  Drone  
  34  3:05  Drone  
  34  3:08  Drone  
  36  3:15  Overlord  
  36  3:20  Overlord  
  35  3:30  Zergling x2  
  35  3:34  Baneling x3  
  36  3:35  Baneling, Zergling x4  
  36  3:36  Zergling x4  
  36  3:39  Zergling x2  
  41  3:45  Queen  
  43  3:51  Zergling x4  
  43  3:52  Drone x2  
  43  3:53  Overlord  
  47  4:09  Zergling x4  
  45  4:10  Zergling x4  
  44  4:19  Zergling x12  
  44  4:23  Zergling x8  
  51  4:28  Baneling  
  51  4:29  Baneling x2  
  51  4:30  Baneling  
  51  4:33  Queen  
  51  4:34  Queen  
  51  4:38  Zergling x4  
  53  4:42  Baneling x2  
  51  4:55  Drone x8  
  40  5:14  Drone x6  
  40  5:17  Baneling x2  
  40  5:18  Baneling  
  40  5:19  Zergling x2  
  47  5:22  Baneling  
  47  5:27  Zergling x6  
  47  5:28  Zergling x2  
  50  5:42  Zergling x12  
  54  5:48  Baneling x3  
  52  5:52  Queen  
  52  5:54  Baneling x3  
  52  5:56  Zergling x2  
  55  6:02  Zergling x6  
  58  6:10  Queen  
  59  6:22  Baneling  
  59  6:25  Zergling x6  
  62  6:30  Baneling x2  
  62  6:31  Queen  
  63  6:42  Drone, Extractor  
  63  6:43  Drone x2  
  63  6:44  Roach Warren  
  64  6:50  Zergling x8  
  52  7:13  Drone x3  
  52  7:15  Drone x3  
  55  7:16  Drone x4, Overlord  
  55  7:18  Baneling  
  55  7:19  Baneling  
  59  7:33  Drone x4  
  59  7:34  Drone, Extractor  
  63  7:39  Drone  
  63  7:43  Baneling  
  63  7:44  Baneling x2  
  64  7:52  Hatchery  
  60  7:59  Zergling x6  
  60  8:00  Zergling x10  
  67  8:06  Evolution Chamber  
  67  8:08  Overlord x2  
  67  8:12  Hatchery  
  62  8:21  Baneling x2  
  62  8:26  Drone x3  
  65  8:30  Hatchery  
  64  8:37  Drone x2  
  64  8:40  Lair, Zerg Missile Weapons Level 1  
  65  8:54  Extractor  
  65  8:55  Drone x3  
  67  9:00  Baneling  
  67  9:13  Roach x6  
  75  9:21  Roach x4  
  77  9:25  Roach x3  
  83  9:33  Overlord x2  
  83  9:35  Ravager  
  84  9:40  Baneling  
  84  9:43  Roach x3  
  90  9:49  Overlord x2  
  90  9:54  Roach x3  
  95  10:04  Roach  
  95  10:05  Roach x4  
  100  10:10  Roach  
  102  10:17  Roach x3  
  108  10:22  Glial Reconstitution  
  106  10:40  Zerg Missile Weapons Level 2  
  106  10:41  Hatchery  
  105  10:43  Evolution Chamber  
  104  10:53  Overseer  
  104  10:56  Ravager  
  106  10:57  Ravager  
  106  11:02  Roach x3, Overlord  
  106  11:03  Overlord  
  112  11:26  Zerg Ground Armor Level 1  
  112  11:48  Roach x5  
  112  11:49  Roach x5  
  132  11:54  Overlord x2  
  132  11:55  Drone x4  
  132  12:01  Overlord  
  136  12:05  Overlord  
  136  12:24  Ravager x2  
  136  12:25  Roach x2  
  136  12:29  Overseer, Hatchery  
  141  12:32  Roach  
  143  12:40  Ravager  
  143  12:41  Overlord, Ravager  
  143  12:44  Drone x2  
  147  12:48  Roach  
  147  12:49  Roach x2  
  153  13:00  Roach x5  
  163  13:08  Roach  
  163  13:09  Roach x2  
  169  13:16  Overlord x2  
  169  13:17  Overlord  
  169  13:20  Ravager  
  170  13:31  Overseer  
  170  13:38  Drone x6  
  176  13:43  Roach x2  
  180  13:50  Overseer  
  180  13:57  Ravager  
  180  13:59  Roach x5  
  181  14:17  Roach  
  181  14:18  Roach x7  
  189  14:25  Roach x4  
  189  14:26  Roach  
  180  14:39  Roach  
  180  14:40  Roach x6  
  194  14:46  Queen  
  196  14:56  Ravager x2  
  196  14:57  Ravager x2  
  196  14:59  Hydralisk Den, Drone  
Tags
 
Add a new tag
Caveats
  • Supply blocks, unpowered buildings, or Contaminate may cause inaccurate times.
  • Supply counts are checked every 10 seconds.